Map: Ley Lines

Players

LigerMaNN - Winner!

  • Race: Zerg Zerg
  • League: Diamond
  • Spawn Location: 1:00

Ikepono

  • Race: Zerg Zerg
  • League: Diamond
  • Spawn Location: 7:00

VOD

Have the link to the VOD?

Description

Time

  • Played on: June 4, 2025, 4:13 p.m.
  • Length: 3:23
Show
View Real Time Build Order
Export as new Build Order

LigerMaNN Zerg - Winner!

Build Orders: Hatch First 

Get SALT Encoding   

  12  0:01  Drone  
  13  0:13  Overlord  
  13  0:17  Drone  
  14  0:32  Drone x2  
  16  0:47  Hatchery  
  15  0:51  Drone  
  15  0:55  Drone  
  17  0:58  Drone  
  18  1:10  Extractor  
  17  1:13  Spawning Pool  
  17  1:16  Drone  
  17  1:19  Drone  
  18  1:29  Drone  
  19  1:45  Overlord  
  19  2:00  Queen x2  
  23  2:01  Zergling x6  
  26  2:18  Drone x2  
  28  2:23  Zergling x4  
  30  2:31  Zergling x2  
  31  2:50  Baneling Nest  
  30  2:57  Drone x5  
Show
View Real Time Build Order
Export as new Build Order

Ikepono Zerg 

Build Orders: Pool First 

Get SALT Encoding   

  12  0:01  Drone  
  13  0:08  Drone  
  14  0:16  Overlord  
  14  0:22  Extractor  
  14  0:23  Drone  
  15  0:35  Drone x2  
  17  0:45  Spawning Pool  
  17  0:48  Drone  
  17  0:54  Extractor  
  17  0:55  Drone  
  17  1:06  Drone  
  18  1:19  Hatchery  
  18  1:24  Drone  
  18  1:27  Drone  
  19  1:35  Queen  
  21  1:42  Overlord  
  21  1:50  Drone  
  22  2:01  Metabolic Boost  
  22  2:15  Hatchery  
  21  2:21  Queen  
  23  2:32  Queen  
  25  2:37  Drone  
  25  2:44  Overlord  
  26  2:49  Overlord  
  26  2:54  Drone  
  26  2:55  Drone  
Tags
 
Matchup
ZvZ
Race
Zerg
Replay Pack
June 2025
Spawn Locations
Cross Positions
Add a new tag
Caveats
  • Supply blocks, unpowered buildings, or Contaminate may cause inaccurate times.
  • Supply counts are checked every 10 seconds.